 Dungeon Crawl Stone Soup version 0.31.0-12-g77e489cdc1 (webtiles) character file.

Game seed: 13858259978940635794

172 ChadusMaximus the Caller (level 5, 0/35 HPs)
             Began as a Barachi Summoner on Mar 3, 2024.
             Slain by a gnoll
             ... wielding a +0 trident
             ... led by a gnoll sergeant
              (5 damage)
             ... on level 4 of the Dungeon.
             The game lasted 00:03:19 (3227 turns).

ChadusMaximus the Caller (Barachi Summoner)         Turns: 3227, Time: 00:03:19

Health: 0/35       AC:  2    Str: 10    XL:     5   Next: 53%
Magic:  2/10       EV: 12    Int: 17    God:
Gold:   208        SH:  0    Dex: 12    Spells: 5/11 levels left

rFire   . . .        f - +0 short sword
rCold   . . .        (no shield)
rNeg    . . .        a - +0 robe
rPois   .            (no helmet)
rElec   .            (no cloak)
rCorr   .            (no gloves)
SInv    .            (no boots)
Will    .....        (no amulet)
Stlth   ++           (no ring)
HPRegen 0.25/turn    (no ring)
MPRegen 0.12/turn

%: no passive effects
@: unable to hop, slow
A: amphibious, slowness 1, strong legs 1, +LOS
a: Hop


You were on level 4 of the Dungeon.
You visited 1 branch of the dungeon, and saw 4 of its levels.

You collected 208 gold pieces.

Inventory:

Hand Weapons
 f - a +0 short sword (weapon)
Missiles
 j - a throwing net
Armour
 a - a +0 robe (worn)
Jewellery
 m - a ring of flight
Scrolls
 c - 2 scrolls of blinking {unknown}
 e - a scroll of vulnerability {unknown}
 i - 5 scrolls of identify {unknown}
 n - a scroll of poison {unknown}
 p - a scroll of teleportation {unknown}
Potions
 b - 2 potions of magic
 d - a potion of might {unknown}
 g - a potion of haste {unknown}
 h - a potion of invisibility {unknown}
 k - a potion of lignification {unknown}
 l - a potion of degeneration {unknown}
 o - a potion of cancellation {unknown}


   Skills:
 - Level 2.1 Dodging
 - Level 1.7 Stealth
 + Level 3.7 Spellcasting
 * Level 7.0 Summonings


You had 5 spell levels left.
You knew the following spells:

 Your Spells              Type           Power      Damage    Failure   Level
a - Summon Small Mammal   Summ           100%       N/A       1%          1
b - Call Canine Familiar  Summ           27%        N/A       2%          3
c - Call Imp              Summ           54%        N/A       1%          2

Your spell library contained the following spells:

 Spells                   Type           Power      Damage    Failure   Level
 Summon Blazeheart Golem  Fire/Summ      15%        N/A       36%         4
 Summon Lightning Spire   Summ/Air       15%        N/A       36%         4


Dungeon Overview and Level Annotations

Branches:
Dungeon (4/15)
 Temple: D:4-7

Altars:
Nemelex Xobeh


Innate Abilities, Weirdness & Mutations

You are amphibious.
You cover ground slowly.
You can hop short distances.
You have an extended range of vision and can be seen from far away.


Message History

The gnoll sergeant hits your inugami with a +1 spear of venom.
Your inugami looks as sick as possible!
The phantom barely misses your inugami.
You feel sick.
Your inugami closely misses the gnoll sergeant.
The gnoll sergeant barely misses your inugami.
The phantom hits your inugami.
The phantom blinks!
Your inugami blinks!
Hop to where?
Press: ? - help, Dir - move target Boing!
You feel sick.
You feel sick.
You feel sick.
You feel sick.
A gnoll is nearby!
You feel sick.
Casting: Call Imp (safe; 1% risk of failure)
Confirm with . or Enter, or press ? or * to list all spells.
A tiny devil pulls itself out of the air.
You feel sick.
You are no longer poisoned.
Your cerulean imp hits the gnoll with a -2 spear.
Your cerulean imp barely misses the gnoll.
Your cerulean imp hits the gnoll from afar with a -2 spear.
The gnoll hits your cerulean imp with a +0 flail!
Your cerulean imp hits the gnoll with a -2 spear.
The gnoll closely misses you. The gnoll attacks as it pursues you!
The gnoll hits you from afar with a +0 trident!
* * * LOW HITPOINT WARNING * * *
Your cerulean imp hits the gnoll but does no damage.
The gnoll barely misses you.
Your cerulean imp hits the gnoll with a -2 spear.
The gnoll closely misses your cerulean imp.
Your familiar recovers from its injuries.
The gnoll attacks as it pursues you!
The gnoll hits you from afar with a +0 trident.
* * * LOW HITPOINT WARNING * * *
The gnoll hits you from afar with a +0 trident.
You die...

#.######### #.#.......#
. #.#.#####.###
....####.[)........#
.........#.###..####
#+#+#####.#.# #..# #.#.#
###.#.# #..#
#.#†###.....# #..#
#.#.#@....#####..#
####.#.###g#........#
#........#.#.######.#
#.....5.g.5#........#
#.##..#.........########
#.##..#########.#
#.##.g### #.# ..#.....#
#.# ######.#.5g..# #.#


You could see a gnoll.

Vanquished Creatures
  An adder (D:2)
  A ribbon worm (D:3)
  3 endoplasms
  2 goblins
  4 hobgoblins
  A quokka (D:3)
  2 ball pythons
  A bat (D:2)
  3 frilled lizards
  3 kobolds (D:2)
  4 rats
25 creatures vanquished.

Vanquished Creatures (collateral kills)
  A howler monkey (D:4)
  An orc priest (D:3)
  2 gnolls (D:4)
  2 adders (D:2)
  2 dart slugs
  3 orcs (D:3)
  2 endoplasms (D:2)
  4 goblins
  A hobgoblin (D:2)
  3 jackals (D:1)
  5 kobolds
  A quokka (D:1)
  A ball python (D:1)
  2 frilled lizards
30 creatures vanquished.

Grand Total: 55 creatures vanquished

Notes
Turn   | Place    | Note
-------+----------+-------------------------------------------
     0 | D:1      | ChadusMaximus the Barachi Summoner began the quest for the
                  | Orb.
     0 | D:1      | Reached XP level 1. HP: 13/13 MP: 3/3
    93 | D:1      | Found a faded altar of an unknown god.
   131 | D:1      | Reached skill level 5 in Summonings
   329 | D:1      | Reached XP level 2. HP: 13/19 MP: 5/5
  1098 | D:2      | Reached XP level 3. HP: 5/24 MP: 5/7
  1101 | D:2      | HP: 1/24 [poisoned by an adder]
  1483 | D:2      | Reached skill level 6 in Summonings
  1824 | D:2      | Reached XP level 4. HP: 12/30 MP: 5/8
  2148 | D:2      | Learned a level 3 spell: Call Canine Familiar
  2151 | D:2      | Learned a level 2 spell: Call Imp
  2749 | D:3      | Found a sparkling altar of Nemelex Xobeh.
  3027 | D:4      | Reached XP level 5. HP: 35/35 MP: 10/10
  3167 | D:4      | Reached skill level 7 in Summonings
  3179 | D:4      | Noticed a phantom
  3227 | D:4      | Slain by a gnoll

Illustrated notes

Levels and vault maps discovered:
D:1:      beargit_arrival_diablo_church, layout_basic,
          shapermc_ecumenical_altar_totnotflames, amethyst_killhole, nrook_uturn
D:2:      layout_basic, serial_glass, glass_columns_a, glass_columns_b
D:3:      minmay_door_path, layout_rooms, overflow_temple_1_default
D:4:      layout_basic, minmay_temple_entry_offerings

Skill      XL: |  1  2  3  4  5 |
---------------+----------------+-----
Summonings     | 5 6 7 |  7.0
Spellcasting   | 3 |  3.7
Dodging        | |  2.1
Stealth        | |  1.7

Action                     |  1- 3 |  4- 6 || total
---------------------------+-------+-------++-------
  Melee: Unarmed           |    53 |       ||    53
         Short sword       |    69 |    35 ||   104
         Punch             |     2 |       ||     2
   Cast: Summon Small Mamm |    31 |     6 ||    37
         Call Canine Famil |       |     7 ||     7
         Call Imp          |       |     8 ||     8
Ability: Hop               |       |     1 ||     1
   Stab: Distracted        |     1 |       ||     1
         Sleeping          |     2 |     3 ||     5
 Armour: Robe              |    77 |    27 ||   104
  Dodge: Dodged            |    99 |    32 ||   131
